 Dungeon Crawl Stone Soup version 0.24.0-10-g970556be89 (webtiles) character file.

Game seed: 12456194268960027848, levelgen mode: deterministic

277 Monsterracer the Sneak (level 6, 0/28 HPs)
             Began as a Spriggan Enchanter on Nov 3, 2019.
             Was an Initiate of Gozag.
             Slain by a gnoll
             ... wielding a +0 spear
              (6 damage)
             ... on level 4 of the Dungeon.
             The game lasted 00:05:12 (3873 turns).

Monsterracer the Sneak (Spriggan Enchanter)         Turns: 3873, Time: 00:05:13

Health: 0/28       AC:  2    Str:  4    XL:     6   Next: 4%
Magic:  1/14       EV: 22    Int: 19    God:    Gozag
Gold:   87         SH:  0    Dex: 16    Spells: 5/14 levels left

rFire    + . .     SeeInvis +   a - +1 dagger
rCold    . . .     Gourm    .   (shield restricted)
rNeg     . . .     Faith    .   b - +0 robe
rPois    .         Spirit   .   (helmet restricted)
rElec    .         Reflect  .   (no cloak)
rCorr    .         Harm     .   (gloves unavailable)
MR       +....                  (boots unavailable)
Stlth    +++.......             (no amulet)
HPRegen  0.09/turn              p - +4 ring of evasion
MPRegen  0.14/turn              r - ring of protection from fire

@: gold aura, very slightly contaminated, very quick
A: very small, unfitting armour, see invisible, herbivore, speed 3, slow
metabolism 2
a: Potion Petition, Call Merchant, Bribe Branch, Renounce Religion


You were on level 4 of the Dungeon.
You worshipped Gozag.
Gozag was noncommittal.
You were not hungry.

You visited 2 branches of the dungeon, and saw 5 of its levels.

You collected 128 gold pieces.
You paid 41 gold pieces to Gozag.

Inventory:

Hand Weapons
 a - a +1 dagger (weapon)
Missiles
 n - 2 throwing nets (quivered) {!f}
Armour
 b - a +0 robe (worn)
Jewellery
 p - a +4 ring of evasion (left hand)
   (You found it on level 2 of the Dungeon)
 r - a ring of protection from fire (right hand)
   (You found it on level 3 of the Dungeon)
 F - an uncursed ring of protection from fire
   (You found it on level 2 of the Dungeon)
Scrolls
 e - a scroll of fear {unknown}
 m - a scroll of magic mapping
 o - 2 scrolls of amnesia
 t - 2 scrolls of teleportation {!r}
Potions
 d - 5 potions of heal wounds
 f - a potion of flight {unknown}
 g - 2 potions of invisibility
 j - a potion of cancellation {unknown}
 k - 3 potions of resistance {unknown}
 l - 2 potions of ambrosia {unknown}
 q - a potion of might {unknown}
Comestibles
 c - 7 rations


   Skills:
 * Level 3.8 Short Blades
 - Level 3.0 Dodging
 + Level 5.7 Stealth
 * Level 4.8 Spellcasting
 + Level 4.7 Hexes
 + Level 0.6 Ice Magic


You had 5 spell levels left.
You knew the following spells:

 Your Spells              Type           Power        Failure   Level  Hunger
b - Ensorcelled Hibernat  Hex/Ice        ##....       6%          2    #......
c - Confuse               Hex            ###.....     5%          3    ##.....
d - Tukima's Dance        Hex            ###.....     5%          3    ##.....
j - Corona                Hex            ###....      1%          1    None

Your spell library contained the following spells:

 Spells                   Type           Power        Failure   Level  Hunger
 Dazzling Spray           Conj/Hex       ##....       14%         3    ##.....


Dungeon Overview and Level Annotations

Branches:
Dungeon (4/15)             Temple (1/1) D:4

Altars:
Cheibriados
Dithmenos
Elyvilon
Fedhas
Gozag
Hepliaklqana
Kikubaaqudgha
Makhleb
Nemelex Xobeh
Okawaru
Qazlal
Sif Muna
Trog
Uskayaw
Vehumet
Xom
Yredelemnul
Zin
The Shining One

Shops:
D:3 *

Annotations:
D:4 2 transporters, Folque011's ghost, amateur DgCj


Innate Abilities, Weirdness & Mutations

You are very small and have problems with some larger weapons.
You are too small for most types of armour.
You have supernaturally acute eyesight. (SInv)
You are a herbivore.
You cover ground extremely quickly.
You need to consume almost no food.


Message History

Unknown command.
Unknown command.
Unknown command.
There is a staircase back to the Dungeon here.
You climb upwards.
Welcome back to the Dungeon!
Level annotation: 2 transporters, Folque011's ghost, amateur DgCj
There is a staircase to the Ecumenical Temple here.
HP restored.
You enter the shallow water.
Moving in this stuff is going to be slow.
Found a stone staircase leading up.
Found a stone staircase leading up.
There is a stone staircase leading up here.
There is a stone staircase leading up here.
A quokka comes into view.
A quokka is nearby!
The helpless quokka fails to defend itself.
You impale the quokka!!
You kill the quokka!
No target in view!
You now have 87 gold pieces (gained 8).
A howler monkey comes into view.
The howler monkey howls!
You hear a shout! x2
You hear a shout!
A gnoll comes into view. It is wielding a +0 flail.
There are monsters nearby!
A gnoll comes into view. It is wielding a +0 flail.
The howler monkey closely misses you.
You closely miss the howler monkey. The howler monkey closely misses you.
You hit the howler monkey.
The howler monkey is lightly wounded.
A gnoll comes into view. It is wielding a +0 spear.
The howler monkey misses you.
Casting: Corona (safe; 1% risk of failure)
Confirm with . or Enter, or press ? or * to list all spells.
Aiming: Ensorcelled Hibernation (safe; 8% risk of failure)
Press: ? - help, Shift-Dir - straight line, f - howler monkey
Aim: a howler monkey (lightly wounded, chance to defeat MR: 52%)
The howler monkey looks drowsy...
The gnoll shouts!
The helpless howler monkey fails to defend itself.
You impale the howler monkey!!
You kill the howler monkey!
You have reached level 6!
Your experience leads to an increase in your attributes!
Increase (S)trength, (I)ntelligence, or (D)exterity?
You feel clever.
Casting: Ensorcelled Hibernation (safe; 6% risk of failure)
Confirm with . or Enter, or press ? or * to list all spells.
Okay, then.
Unknown command.
Casting: Ensorcelled Hibernation (safe; 6% risk of failure)
Confirm with . or Enter, or press ? or * to list all spells.
Aiming: Ensorcelled Hibernation (safe; 6% risk of failure)
Press: ? - help, Shift-Dir - straight line, f - gnoll
Aim: a gnoll, wielding a +0 flail (chance to defeat MR: 53%)
The gnoll resists with significant effort.
Casting: Ensorcelled Hibernation (safe; 6% risk of failure)
Confirm with . or Enter, or press ? or * to list all spells.
Okay, then.
Casting: Ensorcelled Hibernation (safe; 6% risk of failure)
Confirm with . or Enter, or press ? or * to list all spells.
Aiming: Ensorcelled Hibernation (safe; 6% risk of failure)
Press: ? - help, Shift-Dir - straight line, f/p - gnoll
Aim: a gnoll, wielding a +0 flail (chance to defeat MR: 53%)
The gnoll resists with significant effort.
The gnoll hits you with a +0 flail! The gnoll misses you.
Casting: Ensorcelled Hibernation (safe; 6% risk of failure)
Confirm with . or Enter, or press ? or * to list all spells.
Aiming: Ensorcelled Hibernation (safe; 6% risk of failure)
Press: ? - help, Shift-Dir - straight line, f/p - gnoll
Aim: a gnoll, wielding a +0 flail (chance to defeat MR: 53%)
The gnoll looks drowsy...
The gnoll misses you.
The helpless gnoll fails to defend itself.
You impale the gnoll!!
You kill the gnoll!
The gnoll completely misses you.
A gnoll comes into view.
Things that are here:
4 gold pieces; a +0 flail
Casting: Ensorcelled Hibernation (safe; 6% risk of failure)
Confirm with . or Enter, or press ? or * to list all spells.
Aiming: Ensorcelled Hibernation (safe; 6% risk of failure)
Press: ? - help, Shift-Dir - straight line, f - gnoll
Aim: a gnoll, wielding a +0 spear (chance to defeat MR: 53%)
You miscast Ensorcelled Hibernation.
You are very lightly contaminated with residual magic.
Your skin tingles.
Casting: Ensorcelled Hibernation (safe; 6% risk of failure)
Confirm with . or Enter, or press ? or * to list all spells.
Aiming: Ensorcelled Hibernation (safe; 6% risk of failure)
Press: ? - help, Shift-Dir - straight line, f/p - gnoll
Aim: a gnoll, wielding a +0 spear (chance to defeat MR: 53%)
The gnoll resists with significant effort.
The gnoll closely misses you. The gnoll hits you with a +0 flail!
Ouch! That really hurt!
* * * LOW HITPOINT WARNING * * *
The gnoll hits you with a +0 spear.
You die...
Your body crumbles into a pile of gold.

*,,,,,,***###.########.#.#.#.#
*,****,* #..†..##...#.#.#....
*,****,* #.....#.............
*,**,,,* #............#.#####
*,**,*,* #....>.........#
*,**,,,* #............###
*,,,,,,* #######.....##
*****,############...##
*,#....g$@..###.##
#..g...#g.......#
#.#.##.#.##.##..#
#,#.*#.#.##.##..#
*,g,*#.#.##.....#
*.#**#.#.#####.##
#.***#.#.#***#.#
#,,,,..#..,,,..#
*******###***###


You could see 3 gnolls.

Vanquished Creatures
  A howler monkey (D:4)
  An orc priest (D:3)
  An orc wizard (D:3)
  Terence (D:2)
  A gnoll (D:4)
  4 adders (D:2 D:3 D:4)
  A shadow imp (D:2)
  2 oozes (D:1)
  2 worms (D:2)
  2 dart slugs (D:1 D:2)
  A leopard gecko (D:2)
  6 orcs (D:3)
  7 giant cockroaches (D:1 D:2 D:3 D:4)
  4 goblins (D:1 D:2 D:3)
  7 hobgoblins (D:1 D:2 D:3)
  10 jackals (D:1 D:2 D:4)
  3 quokkas (D:3 D:4)
  2 ball pythons (D:1 D:2)
  12 bats (D:1 D:2 D:3)
  5 frilled lizards (D:1 D:2 D:4)
  6 kobolds (D:1 D:3)
  3 rats (D:1 D:2)
82 creatures vanquished.

Notes
Turn   | Place    | Note
-------+----------+-------------------------------------------
     0 | D:1      | Monsterracer the Spriggan Enchanter began the quest for the
                  | Orb.
     0 | D:1      | Reached XP level 1. HP: 9/9 MP: 5/5
   236 | D:1      | Reached XP level 2. HP: 13/13 MP: 7/7
   240 | D:1      | Learned a level 2 spell: Ensorcelled Hibernation
   945 | D:1      | Reached XP level 3. HP: 15/16 MP: 8/8
  1022 | D:1      | Learned a level 3 spell: Confuse
  1356 | D:2      | Found a sparkling altar of Nemelex Xobeh.
  1362 | D:2      | Learned a level 3 spell: Tukima's Dance
  1443 | D:2      | HP: 8/16 [jackal (2)]
  1445 | D:2      | Reached skill level 5 in Stealth
  1449 | D:2      | HP: 4/16 [jackal (3)]
  1839 | D:2      | Reached XP level 4. HP: 21/21 MP: 10/10
  2252 | D:2      | Noticed Terence
  2256 | D:2      | Killed Terence
  2675 | D:3      | Reached XP level 5. HP: 24/24 MP: 9/12
  2817 | D:3      | Found Zin's Purification Station.
  2821 | D:3      | Found a glowing silver altar of Zin.
  2894 | D:3      | Found a glowing golden altar of the Shining One.
  3426 | D:4      | Found a transporter.
  3428 | D:4      | Noticed Folque011's ghost (amateur DgCj)
  3432 | D:4      | Found a transporter.
  3670 | D:4      | Found a staircase to the Ecumenical Temple.
  3695 | Temple   | Entered the Ecumenical Temple
  3735 | Temple   | Became a worshipper of Gozag Ym Sagoz the Greedy
  3864 | D:4      | Reached XP level 6. HP: 28/28 MP: 10/14
  3872 | D:4      | HP: 6/28 [gnoll/+0 flail (15)]
  3873 | D:4      | Slain by a gnoll

Levels and vault maps discovered:
D:1:      ncdulo_watergridlock, layout_basic
D:2:      kennysheep_big_flooded_room, layout_loops_ring,
          overflow_temple_1_default, uniq_terence
D:3:      layout_rooms, zin_purify, first_ration, tso_altar
D:4:      layout_loops_cross, minmay_temple_entry_water_ring, serial_glass,
          glass_columns_a, glass_columns_b, gammafunk_ghost_mausoleum,
          kennysheep_generic_room_8
Temple:   compressed_dpeg_circular_temple

Skill      XL: |  1  2  3  4 |
---------------+-------------+-----
Spellcasting   | 3 4 |  4.8
Short Blades   | 2 3 |  3.8
Hexes          | 4 |  4.7
Stealth        | 5 |  5.7
Dodging        | |  3.0
Ice Magic      | |  0.6

Action                   |  1- 3 |  4- 6 || total
-------------------------+-------+-------++-------
Melee: Dagger            |   149 |   207 ||   356
 Cast: Corona            |     7 |    10 ||    17
       Ensorcelled Hiber |     5 |    18 ||    23
  Use: Scroll            |       |     8 ||     8
 Stab: Sleeping          |    15 |    26 ||    41
  Eat: Ration            |       |     1 ||     1
Armor: Robe              |    21 |    11 ||    32
Dodge: Dodged            |   143 |   167 ||   310
